 Dungeon Crawl Stone Soup version 0.28.0-43-g3370ac3207 (webtiles) character file.

Game seed: 9352365871383096246

527 tizbic2 the Protected (level 7, -1/46 HPs)
             Began as a Barachi Necromancer on Mar 9, 2022.
             Slain by an orc warrior
             ... wielding a +0 short sword
              (9 damage)
             ... on level 4 of the Dungeon.
             The game lasted 00:20:13 (5893 turns).

tizbic2 the Protected (Barachi Necromancer)         Turns: 5893, Time: 00:20:13

Health: -1/46      AC: 16    Str: 12    XL:     7   Next: 23%
Magic:  13/13      EV:  9    Int: 15    God:
Gold:   167        SH:  3    Dex: 12    Spells: 10/14 levels left

rFire   + . .      SeeInvis .   u - +2 flail (protect)
rCold   . . .      Faith    .   b - +0 buckler
rNeg    . . .      Spirit   .   q - +1 scale mail {rF+}
rPois   .          Reflect  .   n - +0 hat
rElec   .          Harm     .   (no cloak)
rCorr   .          Rampage  .   (no gloves)
Will    .....                   (no boots)
Stlth   ..........              (no amulet)
HPRegen 0.15/turn               (no ring)
MPRegen 0.13/turn               (no ring)

@: under a protective aura, studying Armour, slow
A: amphibious, slowness 1, strong legs 1, +LOS
a: Hop


You were on level 4 of the Dungeon.
You visited 1 branch of the dungeon, and saw 5 of its levels.

You collected 167 gold pieces.

Inventory:

Hand Weapons
 i - a +1 short sword of draining
 t - a +2 dagger of freezing
 u - a +2 flail of protection (weapon)
Missiles
 d - 104 stones (quivered)
 f - an atropa-tipped dart
 g - 44 arrows
 m - 17 bolts
Armour
 b - a +0 buckler (worn)
 n - a +0 hat (worn)
 q - a +1 scale mail of fire resistance (worn)
 s - a +0 chain mail
Scrolls
 a - a scroll of magic mapping
 j - a scroll of identify
 k - a scroll of torment
 p - a scroll of teleportation
 r - a scroll of vulnerability
Potions
 c - 2 potions of flight
 e - 2 potions of curing {unknown}
 h - a potion of attraction {unknown}
 l - 2 potions of heal wounds {unknown}
 o - 2 potions of ambrosia {unknown}


   Skills:
 * Level 8.6 Armour
 - Level 2.2 Dodging
 - Level 1.8 Stealth
 * Level 1.0 Shields
 + Level 4.2 Spellcasting
 + Level 4.9 Necromancy


You had 10 spell levels left.
You knew the following spells:

 Your Spells              Type           Power      Damage    Failure   Level
a - Pain                  Necr           68%        1d7       13%         1
b - Vampiric Draining     Necr           17%        2d7       36%         3

Your spell library contained the following spells:

 Spells                   Type           Power      Damage    Failure   Level
 Animate Skeleton         Necr           34%        N/A       13%         1
 Animate Dead             Necr           8%         N/A       77%         4
 Agony                    Necr           17%        N/A       98%         5
 Excruciating Wounds      Necr           8%         N/A       98%         5


Dungeon Overview and Level Annotations

Branches:
Dungeon (5/15)
 Temple: D:4-7

Altars:
Gozag

Annotations:
D:5 3 runed translucent doors, Icepheonix32's ghost, weakling DsDe


Innate Abilities, Weirdness & Mutations

You are amphibious.
You cover ground slowly.
You can hop short distances.
You have an extended range of vision and can be seen from far away.


Message History

The orc warrior barely misses you.
The orc warrior hits you with a +0 short sword.
You hit the orc warrior.
The orc warrior is heavily wounded.
The orc warrior hits you but does no damage.
You hit the orc warrior.
The orc warrior is heavily wounded.
The orc warrior barely misses you.
You barely miss the orc warrior.
The orc warrior is heavily wounded.
The orc warrior hits you with a +0 short sword.
The orc warrior hits you but does no damage.
You hit the orc warrior but do no damage.
The orc warrior is heavily wounded.
The orc warrior hits you but does no damage.
You hit the orc warrior but do no damage.
The orc warrior is heavily wounded.
The orc warrior barely misses you.
The orc warrior hits you but does no damage.
You sock the orc warrior!
The orc warrior is almost dead.
The orc warrior hits you with a +0 short sword!
You hit the orc warrior but do no damage.
The orc warrior is almost dead.
You block the orc warrior's attack.
You closely miss the orc warrior.
The orc warrior is almost dead.
The orc warrior hits you but does no damage. x2
You hit the orc warrior.
The orc warrior is almost dead.
The orc warrior hits you but does no damage.
You hit the orc warrior.
The orc warrior is almost dead.
The orc warrior hits you with a +0 short sword!
* * * LOW HITPOINT WARNING * * *
The orc warrior misses you.
You barely miss the orc warrior.
The orc warrior is almost dead.
The orc warrior hits you with a +0 short sword!
You die...

###.......#.###...#..######
###......###..# #...##......#
....#...###..#########......#
####........##...# #......#
#......##### #...# #......#
.......# #...# ###......#
.#...#.#######...###........#
..........)......##..########
...#....#####...@#..##
####..#.# #..o...##
##...#####....### ###
###..##......# #.#
#.......#### #.#
#######.....### #.#
.........##..### #.#
#...#......#...#### #.#
..###.............## #.#


You could see an orc warrior.

Vanquished Creatures
  2 ogres
  A gnoll sergeant (D:4)
  A scorpion (D:3)
  2 iguanas (D:5)
  A hound skeleton (D:4)
  3 gnolls
  6 adders
  A white imp (D:5)
  2 ufetubi
  A worm (D:2)
  9 orcs
  9 ball pythons
  3 endoplasms
  A giant cockroach (D:3)
  7 goblins
  8 hobgoblins
  4 kobolds
  4 quokkas
  6 bats
  5 frilled lizards
  3 rats
79 creatures vanquished.

Notes
Turn   | Place    | Note
-------+----------+-------------------------------------------
     0 | D:1      | tizbic2 the Barachi Necromancer began the quest for the
                  | Orb.
     0 | D:1      | Reached XP level 1. HP: 13/13 MP: 3/3
   326 | D:1      | Reached skill level 1 in Armour
   326 | D:1      | Reached XP level 2. HP: 9/19 MP: 1/5
   823 | D:1      | Reached skill level 2 in Armour
  1321 | D:2      | Reached XP level 3. HP: 21/24 MP: 4/6
  1494 | D:2      | Learned a level 3 spell: Vampiric Draining
  1520 | D:2      | Reached skill level 3 in Armour
  2422 | D:3      | Reached skill level 4 in Armour
  2422 | D:3      | Reached XP level 4. HP: 29/30 MP: 8/8
  2446 | D:3      | Noticed a scorpion
  2459 | D:3      | Killed a scorpion
  2460 | D:3      | Reached skill level 5 in Armour
  2460 | D:3      | Reached XP level 5. HP: 32/35 MP: 9/9
  3088 | D:4      | Found an opulent altar of Gozag.
  3405 | D:4      | Reached skill level 6 in Armour
  3919 | D:4      | Noticed an ogre
  4056 | D:4      | Killed an ogre
  4057 | D:4      | Reached skill level 7 in Armour
  4057 | D:4      | Reached XP level 6. HP: 40/41 MP: 11/11
  4244 | D:5      | Entered Level 5 of the Dungeon
  4271 | D:5      | Noticed Icepheonix32's ghost (weakling DsDe)
  4271 | D:5      | Found a runed translucent gate.
  4271 | D:5      | Found a runed translucent gate.
  4271 | D:5      | Found a runed translucent gate.
  4956 | D:4      | Reached skill level 8 in Armour
  4956 | D:4      | Reached XP level 7. HP: 27/46 MP: 13/13
  5680 | D:5      | Reached skill level 1 in Shields
  5680 | D:5      | Noticed a yak
  5893 | D:4      | Slain by an orc warrior

Illustrated notes

Levels and vault maps discovered:
D:1:      dpeg_arrival_court, layout_rooms
D:2:      layout_rooms, serial_aquarium, aquarium_bridge_long_joined
          [aquarium_subvault_wall, aquarium_subvault_bridge,
          aquarium_subvault_wall, aquarium_subvault_wall,
          aquarium_subvault_wall, aquarium_subvault_wall],
          aquarium_bridge_straight [aquarium_subvault_bridge,
          aquarium_subvault_wall, aquarium_subvault_bridge,
          aquarium_subvault_wall], aquarium_window_2, aquarium_window_fake,
          aquarium_window_1, aquarium_view_2d, aquarium_view_2d,
          aquarium_balcony_1b
D:3:      layout_basic
D:4:      layout_rooms, grunt_gozag_breadcrumbs, minmay_diced_spiral
D:5:      layout_cave_pools, ebering_ghost_rock_garden, lightli_corner_chamber

Skill      XL: |  1  2  3  4  5  6  7 |
---------------+----------------------+-----
Armour         | 1 2 4 5 7 8 |  8.6
Necromancy     | 4 |  4.9
Spellcasting   | 3 4 |  4.2
Shields        | 1 |  1.0
Dodging        | |  2.2
Stealth        | |  1.8

Action                   |  1- 3 |  4- 6 |  7- 9 || total
-------------------------+-------+-------+-------++-------
Melee: Unarmed           |    12 |       |       ||    12
       Short sword       |    70 |    95 |       ||   165
       Dagger            |    21 |    36 |    25 ||    82
       Punch             |       |     1 |       ||     1
       Flail             |       |       |    42 ||    42
Throw: Stone             |    37 |     9 |       ||    46
       Dart              |       |     1 |       ||     1
 Cast: Pain              |    18 |     5 |       ||    23
       Vampiric Draining |       |     1 |       ||     1
 Abil: Hop               |     1 |     2 |     2 ||     5
  Use: Scroll            |       |     7 |     1 ||     8
       Potion            |       |     3 |       ||     3
 Stab: Sleeping          |     1 |     1 |       ||     2
Armor: Robe              |    10 |       |       ||    10
       Leather armour    |    13 |    13 |       ||    26
       Scale mail        |       |    37 |    31 ||    68
Dodge: Dodged            |    74 |   114 |    20 ||   208
Block: Buckler           |       |       |     9 ||     9
